 Dungeon Crawl Stone Soup version 0.30-a0-800-g7c544603b3 (webtiles) character file.

Game seed: 3597995953222606469

82 avis the Chiller (level 4, -1/33 HPs)
             Began as a Demigod Ice Elementalist on Feb 21, 2023.
             Slain by Grinder (5 damage)
             ... while paralysed by Grinder
             ... on level 2 of the Dungeon.
             The game lasted 00:07:25 (1626 turns).

avis the Chiller (Demigod Ice Elementalist)         Turns: 1626, Time: 00:07:26

Health: -1/33      AC: 10    Str:  9    XL:     4   Next: 1%
Magic:  3/10       EV:  2    Int: 17    God:
Gold:   37         SH:  0    Dex: 18    Spells: 1/8 levels left

rFire   . . .      SeeInvis .    b - +0 sling (elec)
rCold   . . .      Faith    .    (no shield)
rNeg    . . .      Spirit   .    a - +0 robe
rPois   .          Reflect  .    (no helmet)
rElec   .          Harm     .    (no cloak)
rCorr   .          Rampage  .    (no gloves)
Will    .....                    p - +0 pair of boots
Stlth   ++                       (no amulet)
HPRegen 0.25/turn                (no ring)
MPRegen 0.12/turn                (no ring)

@: paralysed, brilliant, ice-armoured, very slightly contaminated
A: high MP 1, forlorn, divine attributes
a: no special abilities


You were on level 2 of the Dungeon.
You visited 1 branch of the dungeon, and saw 3 of its levels.

You collected 37 gold pieces.

Inventory:

Hand Weapons
 b - a +0 sling of electrocution (weapon)
 k - a +0 short sword
Armour
 a - a +0 robe (worn)
 h - a scarf of shadows
 p - a +0 pair of boots (worn)
Magical Staves
 s - a staff of conjuration
Scrolls
 e - a scroll of vulnerability {unknown}
 g - a scroll of amnesia {unknown}
 i - 2 scrolls of fear {unknown}
 j - 2 scrolls of identify {unknown}
 l - 3 scrolls of teleportation {unknown}
 m - a scroll of enchant armour {unknown}
 o - a scroll of blinking {unknown}
 q - a scroll of silence {unknown}
Potions
 c - a potion of magic
 d - 2 potions of brilliance
 f - a potion of curing {unknown}
 n - a potion of degeneration {unknown}
 r - a potion of flight {unknown}


   Skills:
 - Level 1.7 Dodging
 - Level 1.7 Stealth
 - Level 2.5 Spellcasting
 * Level 4.8 Ice Magic


You had one spell level left.
You knew the following spells:

 Your Spells              Type           Power      Damage    Failure   Level
a - Freeze                Ice            100%       1d10      2%          1
o - Ozocubu's Armour      Ice            28%        N/A       8%          3
r - Frozen Ramparts       Ice            56%        1d9       8%          3

Your spell library contained the following spells:

 Spells                   Type           Power      Damage    Failure   Level
 Shock                    Conj/Air       12%        1d3       19%         1
 Stone Arrow              Conj/Erth      6%         3d7       50%         3
 Swiftness                Air            3%         N/A       50%         3
 Summon Ice Beast         Ice/Summ       15%        N/A       56%         4
 Airstrike                Air            1%         2d(1-17)  88%         4
 Animate Armour           Summ/Erth      6%         N/A       88%         4
 Lehudib's Crystal Spear  Conj/Erth      1%         10d2      100%        8


Dungeon Overview and Level Annotations

Branches:
Dungeon (3/15)

Annotations:
D:1 deep water
D:2 Grinder


Innate Abilities, Weirdness & Mutations

You have an increased reservoir of magic. (+10% MP)
You shall have no god before yourself.
Your divine heritage dramatically boosts your attributes as you level up.


Message History

* * * LOW HITPOINT WARNING * * *
It was a potion of brilliance.
You feel clever all of a sudden.
The wall freezes Grinder but does no damage.
Grinder says, "You look like you could use a good racking."
Grinder closely misses you.
Casting: Ozocubu's Armour (quite dangerous; 8% risk of failure)
Confirm with . or Enter, or press ? or * to list all spells.
Aiming: Freeze (safe; 2% risk of failure)
Press: ? - help, Shift-Dir - straight line, f/p - Grinder
Aim: Grinder (lightly wounded)
You feel a surge of power!
You freeze Grinder.
Grinder resists.
Grinder is lightly wounded.
Grinder completely resists.
The wall freezes Grinder but does no damage.
Grinder closely misses you.
Casting: Freeze (safe; 2% risk of failure)
Confirm with . or Enter, or press ? or * to list all spells.
The spell is quite dangerous to miscast (8% risk of failure)!
Continue anyway?
You feel a surge of power!
You miscast Ozocubu's Armour.
You are very lightly contaminated with residual magic.
Nothing appears to happen.
The wall freezes Grinder but does no damage.
Grinder misses you.
Casting: Ozocubu's Armour (quite dangerous; 8% risk of failure)
Confirm with . or Enter, or press ? or * to list all spells.
The spell is quite dangerous to miscast (8% risk of failure)!
Continue anyway?
You feel a surge of power! A film of ice covers your body!
Grinder resists.
The wall freezes Grinder.
Grinder gestures at you.
You suddenly lose the ability to move!
Grinder completely resists.
The wall freezes Grinder but does no damage.
Grinder hits you.
* * * LOW HITPOINT WARNING * * *
You writhe in agony.
* * * LOW HITPOINT WARNING * * *
The frozen ramparts melt away.
Grinder hits you but does no damage. Grinder hits you.
You die...

###.##### ##...##.###.###..
##...##.## ####)###.# #.# ###
.........# #........# #.#
#....##.## #........###.#
#.#.###.########.........##.#####
#.#.# #...................>......
#.#.# ##########.........##.#####
#.#.##########..............#####
#.#..[.........5@................
#.######.#########.....>.########
#......<.# #.......# ##########
###.###.# #.###.# #.....# #######


You could see Grinder.

Vanquished Creatures
  Terence (D:2)
  A gnoll (D:1)
  An adder (D:2)
  A worm (D:2)
  2 dart slugs
  A bat (D:2)
  6 endoplasms
  3 goblins
  6 hobgoblins
  2 kobolds
  A ball python (D:2)
  A frilled lizard (D:2)
  5 rats
31 creatures vanquished.

Notes
Turn   | Place    | Note
-------+----------+-------------------------------------------
     0 | D:1      | avis the Demigod Ice Elementalist began the quest for the
                  | Orb.
     0 | D:1      | Reached XP level 1. HP: 14/14 MP: 5/5
    78 | D:1      | Reached skill level 4 in Ice Magic
    78 | D:1      | Reached XP level 2. HP: 9/20 MP: 1/7
   170 | D:1      | You fall into a shaft and drop 1 floor!
   883 | D:2      | Reached XP level 3. HP: 26/26 MP: 9/9
   887 | D:2      | Learned a level 3 spell: Frozen Ramparts
   891 | D:2      | Learned a level 3 spell: Ozocubu's Armour
  1384 | D:2      | Noticed Terence
  1391 | D:2      | Killed Terence
  1394 | D:2      | Reached XP level 4. HP: 19/33 MP: 4/10
  1609 | D:3      | Noticed Grinder
  1623 | D:2      | Paralysed by Grinder for 5 turns
  1626 | D:2      | Slain by Grinder

Illustrated notes

Levels and vault maps discovered:
D:1:      kilobyte_arrival_exit_the_forest, layout_rooms
D:2:      layout_loops_ring, basic_altar, dk_vineyard_3, uniq_terence
D:3:      cheibrodos_fertilizer, layout_basic,
          mainiacjoe_overflow_six_doors_small, gammafunk_ghost_smash,
          nicolae_ecumenical_pavilion, nicolae_elevator_lobby_plus, uniq_grinder

Skill      XL: |  1 |
---------------+----+-----
Ice Magic      | 4 |  4.8
Spellcasting   | 2 |  2.5
Dodging        | |  1.7
Stealth        | |  1.7

Action                     |  1- 3 |  4- 6 || total
---------------------------+-------+-------++-------
   Fire: Sling             |    49 |     3 ||    52
   Cast: Freeze            |    14 |     1 ||    15
         Ozocubu's Armour  |     1 |     1 ||     2
         Frozen Ramparts   |     1 |     1 ||     2
    Use: Potion            |       |     1 ||     1
 Armour: Robe              |     4 |     2 ||     6
  Dodge: Dodged            |    12 |     5 ||    17

Table legend: (Time is in decaauts)
 A = Elapsed time spent in this place.
 B = Non-inter-level travel time spent in this place.
 C = Inter-level travel time spent in this place.
 D = Time resting spent in this place.
 E = Time spent auto-exploring this place.
 F = Levels seen in this place.
 G = Mean time per level.
                   A        B        C        D        E       F      G
               +--------+--------+--------+--------+--------+-----+--------+
         Total |   1657 |   1547 |    110 |    145 |   1097 |   3 |  552.3 |
       Dungeon |   1657 |   1547 |    110 |    145 |   1097 |   3 |  552.3 |
               +--------+--------+--------+--------+--------+-----+--------+

Top non-repeatable levels by time:
     D:1: 903 daAuts
     D:2: 749 daAuts
     D:3: 4 daAuts
